Workbook
Name champ_déj_avant: [1]Taxes!$G$3
Name Champ_souper_avant: [1]Taxes!$G$5
Name champs_déj_après: [1]Taxes!$H$3
Name Champs_diner_après: [1]Taxes!$H$4
Name Champs_Diner_avant: [1]Taxes!$G$4
Name Champs_souper_après: [1]Taxes!$H$5
Name CHOIX_DEJ_APRÈS: [2]Taxes!$H$4
Name CHOIX_DEJ_APRÈS: Taxes!$H$4
Name CHOIX_DEJ_AVANT: [2]Taxes!$G$4
Name CHOIX_DEJ_AVANT: Taxes!$G$4
Name CHOIX_DINER_APRES: Taxes!$H$5
Name CHOIX_DINER_AVANT: Taxes!$G$5
Name CHOIX_SOUPER_APRES: Taxes!$H$6
Name CHOIX_SOUPER_AVANT: Taxes!$G$6
Name LEVIS_MTL: Taxes!$G$7
Name LEVIS_MTL_COVOIT: Taxes!$H$7

Sheet Sommaire
I4: Nom du consultant :
B6: Rapport des frais afférents des consultants (version Août 2025) | I6: RIEN INSCRIRE DANS LES CELLULES GRISES.
B8: Sélectionner avec menu déroulant | I8: Application des taxes sur les per diems **
I9: Km ** Véhicule personnel | P9: Repas (per diem) ** | T9: Déplacements et séjours avec taxes | Y9: Total dépl et séjours | Z9: Déplac et séjours sans taxes (selon province sélectionnée)
B10: Jour | C10: Mois | D10: Année | E10: AAAA/MM/JJ | F10: Province des | G10: Description des dépenses | I10: Type de frais | J10: Distance du trajet (km) | O10: Montant | P10: Déjeuner | Q10: Dîner | R10: Souper | U10: Stationnement | V10: Avion, train, autobus… | W10: Location d'auto, essence | X10: Taxi
F11: dépenses | T11: Coucher
B12: SVP Utiliser les listes déroulantes | H12: Index | K12: Row | L12: Col | M12: Value | N12: Amount
E13: =IFERROR(TEXT(DATE(D13,C13,B13),"aaaa-mm-jj"),"-") -> - | H13: =_xlfn.XLOOKUP(I13,Table_KM[0-Expense Type],Table_KM[0-Index]) -> #N/A | K13: =MATCH(I13,Table_KM[0-Expense Type],0) -> #N/A | L13: =MATCH(E13,Table_KM[#Headers],1) -> #N/A | M13: {=INDEX(Table_KM[#All],K13+1,L13)} -> #N/A | N13: =IFERROR(IF(OR(H13=1,H13=2),M13,J13*M13),"") | O13: =IF(N13="","",IF(N13=0,"",IF(N13<5,5,N13))) | Y13: =SUM(T13:X13) -> 0 | Z13: =IF(Y13=0,0,IFERROR(Y13/(1+VLOOKUP(F13,Taxes!$A:$B,2,FALSE)),"Province requise")) -> 0 | AB13: =IF(Y13=0,0,Y13/(1+VLOOKUP(F13,Taxes!$A:$B,2,FALSE))) -> 0
E14: =IFERROR(TEXT(DATE(D14,C14,B14),"aaaa-mm-jj"),"-") -> - | H14: =_xlfn.XLOOKUP(I14,Table_KM[0-Expense Type],Table_KM[0-Index]) -> #N/A | K14: =MATCH(I14,Table_KM[0-Expense Type],0) -> #N/A | L14: =MATCH(E14,Table_KM[#Headers],1) -> #N/A | M14: {=INDEX(Table_KM[#All],K14+1,L14)} -> #N/A | N14: =IFERROR(IF(OR(H14=1,H14=2),M14,J14*M14),"") | O14: =IF(N14="","",IF(N14=0,"",IF(N14<5,5,N14))) | Y14: =SUM(T14:X14) -> 0 | Z14: =IF(Y14=0,0,IFERROR(Y14/(1+VLOOKUP(F14,Taxes!$A:$B,2,FALSE)),"Province requise")) -> 0 | AB14: =IF(Y14=0,0,Y14/(1+VLOOKUP(F14,Taxes!$A:$B,2,FALSE))) -> 0
E15: =IFERROR(TEXT(DATE(D15,C15,B15),"aaaa-mm-jj"),"-") -> - | H15: =_xlfn.XLOOKUP(I15,Table_KM[0-Expense Type],Table_KM[0-Index]) -> #N/A | K15: =MATCH(I15,Table_KM[0-Expense Type],0) -> #N/A | L15: =MATCH(E15,Table_KM[#Headers],1) -> #N/A | M15: {=INDEX(Table_KM[#All],K15+1,L15)} -> #N/A | N15: =IFERROR(IF(OR(H15=1,H15=2),M15,J15*M15),"") | O15: =IF(N15="","",IF(N15=0,"",IF(N15<5,5,N15))) | Y15: =SUM(T15:X15) -> 0 | Z15: =IF(Y15=0,0,IFERROR(Y15/(1+VLOOKUP(F15,Taxes!$A:$B,2,FALSE)),"Province requise")) -> 0 | AB15: =IF(Y15=0,0,Y15/(1+VLOOKUP(F15,Taxes!$A:$B,2,FALSE))) -> 0
E16: =IFERROR(TEXT(DATE(D16,C16,B16),"aaaa-mm-jj"),"-") -> - | H16: =_xlfn.XLOOKUP(I16,Table_KM[0-Expense Type],Table_KM[0-Index]) -> #N/A | K16: =MATCH(I16,Table_KM[0-Expense Type],0) -> #N/A | L16: =MATCH(E16,Table_KM[#Headers],1) -> #N/A | M16: {=INDEX(Table_KM[#All],K16+1,L16)} -> #N/A | N16: =IFERROR(IF(OR(H16=1,H16=2),M16,J16*M16),"") | O16: =IF(N16="","",IF(N16=0,"",IF(N16<5,5,N16))) | Y16: =SUM(T16:X16) -> 0 | Z16: =IF(Y16=0,0,IFERROR(Y16/(1+VLOOKUP(F16,Taxes!$A:$B,2,FALSE)),"Province requise")) -> 0 | AB16: =IF(Y16=0,0,Y16/(1+VLOOKUP(F16,Taxes!$A:$B,2,FALSE))) -> 0
E17: =IFERROR(TEXT(DATE(D17,C17,B17),"aaaa-mm-jj"),"-") -> - | H17: =_xlfn.XLOOKUP(I17,Table_KM[0-Expense Type],Table_KM[0-Index]) -> #N/A | K17: =MATCH(I17,Table_KM[0-Expense Type],0) -> #N/A | L17: =MATCH(E17,Table_KM[#Headers],1) -> #N/A | M17: {=INDEX(Table_KM[#All],K17+1,L17)} -> #N/A | N17: =IFERROR(IF(OR(H17=1,H17=2),M17,J17*M17),"") | O17: =IF(N17="","",IF(N17=0,"",IF(N17<5,5,N17))) | Y17: =SUM(T17:X17) -> 0 | Z17: =IF(Y17=0,0,IFERROR(Y17/(1+VLOOKUP(F17,Taxes!$A:$B,2,FALSE)),"Province requise")) -> 0 | AB17: =IF(Y17=0,0,Y17/(1+VLOOKUP(F17,Taxes!$A:$B,2,FALSE))) -> 0
E18: =IFERROR(TEXT(DATE(D18,C18,B18),"aaaa-mm-jj"),"-") -> - | H18: =_xlfn.XLOOKUP(I18,Table_KM[0-Expense Type],Table_KM[0-Index]) -> #N/A | K18: =MATCH(I18,Table_KM[0-Expense Type],0) -> #N/A | L18: =MATCH(E18,Table_KM[#Headers],1) -> #N/A | M18: {=INDEX(Table_KM[#All],K18+1,L18)} -> #N/A | N18: =IFERROR(IF(OR(H18=1,H18=2),M18,J18*M18),"") | O18: =IF(N18="","",IF(N18=0,"",IF(N18<5,5,N18))) | Y18: =SUM(T18:X18) -> 0 | Z18: =IF(Y18=0,0,IFERROR(Y18/(1+VLOOKUP(F18,Taxes!$A:$B,2,FALSE)),"Province requise")) -> 0 | AB18: =IF(Y18=0,0,Y18/(1+VLOOKUP(F18,Taxes!$A:$B,2,FALSE))) -> 0
E19: =IFERROR(TEXT(DATE(D19,C19,B19),"aaaa-mm-jj"),"-") -> - | H19: =_xlfn.XLOOKUP(I19,Table_KM[0-Expense Type],Table_KM[0-Index]) -> #N/A | K19: =MATCH(I19,Table_KM[0-Expense Type],0) -> #N/A | L19: =MATCH(E19,Table_KM[#Headers],1) -> #N/A | M19: {=INDEX(Table_KM[#All],K19+1,L19)} -> #N/A | N19: =IFERROR(IF(OR(H19=1,H19=2),M19,J19*M19),"") | O19: =IF(N19="","",IF(N19=0,"",IF(N19<5,5,N19))) | Y19: =SUM(T19:X19) -> 0 | Z19: =IF(Y19=0,0,IFERROR(Y19/(1+VLOOKUP(F19,Taxes!$A:$B,2,FALSE)),"Province requise")) -> 0 | AB19: =IF(Y19=0,0,Y19/(1+VLOOKUP(F19,Taxes!$A:$B,2,FALSE))) -> 0
E20: =IFERROR(TEXT(DATE(D20,C20,B20),"aaaa-mm-jj"),"-") -> - | H20: =_xlfn.XLOOKUP(I20,Table_KM[0-Expense Type],Table_KM[0-Index]) -> #N/A | K20: =MATCH(I20,Table_KM[0-Expense Type],0) -> #N/A | L20: =MATCH(E20,Table_KM[#Headers],1) -> #N/A | M20: {=INDEX(Table_KM[#All],K20+1,L20)} -> #N/A | N20: =IFERROR(IF(OR(H20=1,H20=2),M20,J20*M20),"") | O20: =IF(N20="","",IF(N20=0,"",IF(N20<5,5,N20))) | Y20: =SUM(T20:X20) -> 0 | Z20: =IF(Y20=0,0,IFERROR(Y20/(1+VLOOKUP(F20,Taxes!$A:$B,2,FALSE)),"Province requise")) -> 0 | AB20: =IF(Y20=0,0,Y20/(1+VLOOKUP(F20,Taxes!$A:$B,2,FALSE))) -> 0
E21: =IFERROR(TEXT(DATE(D21,C21,B21),"aaaa-mm-jj"),"-") -> - | H21: =_xlfn.XLOOKUP(I21,Table_KM[0-Expense Type],Table_KM[0-Index]) -> #N/A | K21: =MATCH(I21,Table_KM[0-Expense Type],0) -> #N/A | L21: =MATCH(E21,Table_KM[#Headers],1) -> #N/A | M21: {=INDEX(Table_KM[#All],K21+1,L21)} -> #N/A | N21: =IFERROR(IF(OR(H21=1,H21=2),M21,J21*M21),"") | O21: =IF(N21="","",IF(N21=0,"",IF(N21<5,5,N21))) | Y21: =SUM(T21:X21) -> 0 | Z21: =IF(Y21=0,0,IFERROR(Y21/(1+VLOOKUP(F21,Taxes!$A:$B,2,FALSE)),"Province requise")) -> 0 | AB21: =IF(Y21=0,0,Y21/(1+VLOOKUP(F21,Taxes!$A:$B,2,FALSE))) -> 0
E22: =IFERROR(TEXT(DATE(D22,C22,B22),"aaaa-mm-jj"),"-") -> - | H22: =_xlfn.XLOOKUP(I22,Table_KM[0-Expense Type],Table_KM[0-Index]) -> #N/A | K22: =MATCH(I22,Table_KM[0-Expense Type],0) -> #N/A | L22: =MATCH(E22,Table_KM[#Headers],1) -> #N/A | M22: {=INDEX(Table_KM[#All],K22+1,L22)} -> #N/A | N22: =IFERROR(IF(OR(H22=1,H22=2),M22,J22*M22),"") | O22: =IF(N22="","",IF(N22=0,"",IF(N22<5,5,N22))) | Y22: =SUM(T22:X22) -> 0 | Z22: =IF(Y22=0,0,IFERROR(Y22/(1+VLOOKUP(F22,Taxes!$A:$B,2,FALSE)),"Province requise")) -> 0 | AB22: =IF(Y22=0,0,Y22/(1+VLOOKUP(F22,Taxes!$A:$B,2,FALSE))) -> 0
E23: =IFERROR(TEXT(DATE(D23,C23,B23),"aaaa-mm-jj"),"-") -> - | H23: =_xlfn.XLOOKUP(I23,Table_KM[0-Expense Type],Table_KM[0-Index]) -> #N/A | K23: =MATCH(I23,Table_KM[0-Expense Type],0) -> #N/A | L23: =MATCH(E23,Table_KM[#Headers],1) -> #N/A | M23: {=INDEX(Table_KM[#All],K23+1,L23)} -> #N/A | N23: =IFERROR(IF(OR(H23=1,H23=2),M23,J23*M23),"") | O23: =IF(N23="","",IF(N23=0,"",IF(N23<5,5,N23))) | Y23: =SUM(T23:X23) -> 0 | Z23: =IF(Y23=0,0,IFERROR(Y23/(1+VLOOKUP(F23,Taxes!$A:$B,2,FALSE)),"Province requise")) -> 0 | AB23: =IF(Y23=0,0,Y23/(1+VLOOKUP(F23,Taxes!$A:$B,2,FALSE))) -> 0
E24: =IFERROR(TEXT(DATE(D24,C24,B24),"aaaa-mm-jj"),"-") -> - | H24: =_xlfn.XLOOKUP(I24,Table_KM[0-Expense Type],Table_KM[0-Index]) -> #N/A | K24: =MATCH(I24,Table_KM[0-Expense Type],0) -> #N/A | L24: =MATCH(E24,Table_KM[#Headers],1) -> #N/A | M24: {=INDEX(Table_KM[#All],K24+1,L24)} -> #N/A | N24: =IFERROR(IF(OR(H24=1,H24=2),M24,J24*M24),"") | O24: =IF(N24="","",IF(N24=0,"",IF(N24<5,5,N24))) | Y24: =SUM(T24:X24) -> 0 | Z24: =IF(Y24=0,0,IFERROR(Y24/(1+VLOOKUP(F24,Taxes!$A:$B,2,FALSE)),"Province requise")) -> 0 | AB24: =IF(Y24=0,0,Y24/(1+VLOOKUP(F24,Taxes!$A:$B,2,FALSE))) -> 0
... E50: =IFERROR(TEXT(DATE(D50,C50,B50),"aaaa-mm-jj"),"-") -> - | H50: =_xlfn.XLOOKUP(I50,Table_KM[0-Expense Type],Table_KM[0-Index]) -> #N/A | K50: =MATCH(I50,Table_KM[0-Expense Type],0) -> #N/A | L50: =MATCH(E50,Table_KM[#Headers],1) -> #N/A | M50: {=INDEX(Table_KM[#All],K50+1,L50)} -> #N/A | N50: =IFERROR(IF(OR(H50=1,H50=2),M50,J50*M50),"") | O50: =IF(N50="","",IF(N50=0,"",IF(N50<5,5,N50))) | Y50: =SUM(T50:X50) -> 0 | Z50: =IF(Y50=0,0,IFERROR(Y50/(1+VLOOKUP(F50,Taxes!$A:$B,2,FALSE)),"Province requise")) -> 0 | AB50: =IF(Y50=0,0,Y50/(1+VLOOKUP(F50,Taxes!$A:$B,2,FALSE))) -> 0
B51: Total par type de dépenses | I51: Véhicule personnel → | O51: =SUM(O13:O50) -> 0 | P51: Repas → | R51: =SUM(P13:S50) -> 0 | T51: Déplacements et séjours → | Y51: =SUM(Y13:Y50) -> 0 | Z51: =AB51 -> 0 | AB51: =SUM(AB13:AB50) -> 0
B53: Poste comptable | I53: 808113 | P53: 808112 | T53: 808113
B56: Raison des déplacements et remarques particulières, s'il y a lieu | U56: Facturation avant taxes :
Y57: Repas | Z57: =R51 -> 0
B59: Signature de l'employé(s) | Y59: KM et Dépl et séjours | Z59: =O51+Z51 -> 0
B61: Approbation du coordonnateur/gestionnaire immédiat Desjardins (requise avant de remettre ce rapport à la firme pour fins de facturation) | X61: Total facturé avant taxes | Z61: =Z57+Z59 -> 0
T63: ** Note pour les fournisseurs : Les per diem sont taxables. Les taxes doivent être calculées sur le montant total et non soustraites.

Sheet Guide
A1: Guide des dépenses autorisées pour les consultants
A3: Énoncé
A4: Par souci d’équité envers les employés de Desjardins, l’objectif du Guide des dépenses autorisées pour les Consultants est de rembourser, impartialement et sur la base du moindre coût, des dépenses engagées dans l’exercice de fonction des Consultants et/ou des Conseillers.
A5: Responsabilités
A6: Les coordonnateurs de Desjardins ont la responsabilité d’appliquer les normes et barèmes prévus lors de déplacements des Consultants dans l’exercice de leur mandat.
A8: Les Consultants préparent le « Rapport de frais de déplacement pour Consultants » et doivent obtenir l’approbation du coordonnateur immédiat de Desjardins responsable de leur mandat.
A10: Les firmes de consultants produisent et transmettent la facturation à Desjardins de ces frais dument approuvés.
A11: Règles d’application
A12: Conformément aux conditions contractuelles, les Consultants ne seront pas remboursés pour les dépenses personnelles encourues hors du cadre de leur mandat. Toutefois, les dépenses d’affaires, tel que les frais de déplacement, de repas et d’hébergement encourues et approuvées au préalable suite à une demande spécifique de Desjardins, cette dernière remboursera aux Consultants ces frais selon les allocations décrites dans le présent document.
A14: Pour fins de remboursement, les Consultants doivent obligatoirement compléter le « Rapport de frais de déplacement pour consultants » Excel disponible sur l’Espace fournisseurs*, d’y joindre les reçus requis lorsqu’applicable et de le faire approuver par le coordonnateur immédiat de leur mandat.
A15: Suite à l’approbation du rapport de frais, il est de la responsabilité des Consultants de le transmette à leur firme de Consultants respective pour fins de facturation mensuelle.
A16: (*https://www.desjardins.com/a-propos/espace-fournisseurs/demande-au-paiement)
... A91: Pour toutes questions, écrire à services_auxiliaires@desjardins.com

Sheet Taxes
A2: Prov | B2: Taux prov | D2: Jour | E2: mois | F2: année | G2: Per diem repas
B3: 0 | D3: 1 | E3: 1 | F3: 2018 | G3: Avant 1/06/2018 | H3: Après 1/06/2018
A4: Colombie Britanique | B4: 0.12 | D4: 2 | E4: 2 | F4: 2019 | G4: 8 | H4: 12
A5: Alberta | B5: 0.05 | D5: 3 | E5: 3 | F5: 2020 | G5: 14 | H5: 18
A6: Saskatchewan | B6: 0.11 | D6: 4 | E6: 4 | F6: 2021 | G6: 22 | H6: 32
A7: Manitoba | B7: 0.13 | D7: 5 | E7: 5 | F7: 2022 | G7: 90 | H7: 120
A8: Ontario | B8: 0.13 | D8: 6 | E8: 6 | F8: 2023
A9: Québec | B9: 0.14975 | D9: 7 | E9: 7 | F9: 2024
A10: Nouveau Brunswick | B10: 0.15 | D10: 8 | E10: 8 | F10: 2025
A11: Nouvelle Écosse | B11: 0.15 | D11: 9 | E11: 9 | F11: 2026
A12: Prince Édouard | B12: 0.15 | D12: 10 | E12: 10 | F12: 2027
A13: Terre-Neuve | B13: 0.15 | D13: 11 | E13: 11 | F13: 2028
A14: Yukon | B14: 0.05 | D14: 12 | E14: 12 | F14: 2029
A15: Nunavut | B15: 0.05 | D15: 13 | F15: 2030
A16: Territoires Nord-Ouest | B16: 0.05 | D16: 14 | F16: 2031
A17: Etats-Unis | B17: 0 | D17: 15 | F17: 2032
A18: Europe | B18: 0 | D18: 16 | F18: 2033
D19: 17 | F19: 2034
D20: 18 | F20: 2035
D21: 19 | F21: 2036
D22: 20 | F22: 2037
D23: 21 | F23: 2038
D24: 22 | F24: 2039
D25: 23 | F25: 2040
D26: 24 | F26: 2041
D27: 25 | F27: 2042
D28: 26 | F28: 2043
D29: 27 | F29: 2044
D30: 28 | F30: 2045
... D33: 31 | F33: 2048
F34: 2049

Sheet km
A1: 0-Index | B1: 0-Expense Type | C1: 2018-01-01 | D1: 2022-03-28 | E1: 2022-11-01
A2: 1 | B2: ALLOC. FORFAIT. (LÉVIS/QC-MTL) | C2: 90 | D2: 90 | E2: 110
A3: 2 | B3: ALLOC. FORFAIT. COVOITURAGE (LÉVIS/QC-MTL) | C3: 120 | D3: 120 | E3: 140
A4: 3 | B4: KM VÉHICULE COVOITURAGE | C4: 0.53 | D4: 0.58 | E4: 0.62
A5: 4 | B5: KM VÉHICULE ELECTRIQUE | C5: 0.43 | D5: 0.58 | E5: 0.62
A6: 5 | B6: KM VÉHICULE ESSENCE | C6: 0.43 | D6: 0.48 | E6: 0.52
A7: 6 | B7: KM VÉHICULE HYBRIDE | C7: 0.43 | D7: 0.53 | E7: 0.57
